 Dungeon Crawl Stone Soup version 0.19.1-1-g22dce08 (webtiles) character file.

507 ponk the Covert (level 7, -8/45 HPs)
             Began as an Octopode Assassin on Jan 18, 2017.
             Killed from afar by dscm's ghost (15 damage)
             ... with a stone arrow
             ... on level 4 of the Dungeon.
             The game lasted 00:12:32 (4403 turns).

ponk the Covert (Octopode Assassin)                 Turns: 4403, Time: 00:12:33

Health: -8/45      AC:  1    Str: 11    XL:     7   Next: 18%
Magic:  7/7        EV: 13    Int: 13    God:
Gold:   249        SH:  0    Dex: 15    Spells: 0 memorised, 6 levels left

rFire  . . .     SeeInvis .     a - +3 dagger
rCold  . . .     Gourm    +     (no shield)
rNeg   . . .     Faith    .     (helmet restricted)
rPois  .         Spirit   .     e - amulet of the gourmand
rElec  .         Reflect  .     v - ring of flight
rCorr  .         Harm     .     (no ring)
MR     .....                    (no ring)
Stlth  ++++++....               (no ring)
                                (no ring)
                                (no ring)
                                (no ring)
                                (no ring)

@: no status effects
A: almost no armour, stealthy swim, amphibious, 8 rings, constrict 8, camouflage
1, gelatinous body 1
a: Evoke Flight


You were on level 4 of the Dungeon.
You were completely stuffed.

You visited 1 branch of the dungeon, and saw 4 of its levels.

You collected 249 gold pieces.

Inventory:

Hand Weapons
 a - a +3 dagger (weapon)
 b - a +0 blowgun
 l - a +0 rapier
 m - a +0 dagger
Missiles
 c - 33 poisoned needles
 d - 2 curare-tipped needles
Jewellery
 e - an amulet of the gourmand (around mantle)
 s - a +2 amulet of reflection
 v - a ring of flight (left tentacle)
 A - an uncursed amulet of regeneration {unknown}
Wands
 y - a wand of random effects (18/48)
Scrolls
 h - a scroll of magic mapping
 o - 3 scrolls of remove curse
Potions
 i - 2 potions of mutation
 u - 2 potions of lignification {unknown}
 w - 3 potions of might {unknown}
 B - a potion of cancellation {unknown}
 C - a potion of haste {unknown}
Comestibles
 f - 2 bread rations
 p - 2 beef jerkies
 r - a meat ration


   Skills:
 - Level 2.0 Fighting
 - Level 2.0 Short Blades
 - Level 2.0 Throwing
 - Level 1.0 Dodging
 + Level 11.5 Stealth


You had 6 spell levels left.
You didn't know any spells.

Dungeon Overview and Level Annotations

Branches:
Dungeon (4/15)
 Temple: D:4-7

Altars:
Qazlal
Xom

Annotations:
D:4 dscm's ghost, amateur FeEE


Innate Abilities, Weirdness & Mutations

You cannot wear most types of armour.
You are very stealthy in the water. (Stealth+)
You are amphibious.
You can wear up to eight rings at the same time.
You can use your tentacles to constrict eight enemies at once.
Your skin changes colour to match your surroundings (Stealth+).
Your rubbery body absorbs attacks. (AC +1, EV +1)


Message History

The rocky blast hits you!
You hit dscm's ghost. Your squeeze misses dscm's ghost.
Dscm's ghost is heavily damaged.
Dscm's ghost hits you!
You miss dscm's ghost.
Dscm's ghost is heavily damaged.
You hit dscm's ghost. Your squeeze misses dscm's ghost.
Dscm's ghost is heavily damaged.
Dscm's ghost hits you!
* * * LOW HITPOINT WARNING * * *
That item cannot be evoked!
Evoke which item? (* to show all) (? for menu, Esc to quit)
Zapping:
y - a wand of random effects {zapped: 3} (will waste charges)
Press: ? - help, Shift-Dir - straight line, f/p - dscm's ghost
Aim: dscm's ghost (heavily damaged) Dscm's ghost easily resists.
Evoking this partially-identified wand wasted a few charges.
Dscm's ghost stares at you and mumbles some strange words.
The stone arrow hits you!
You die...

........#.........###### #.#
W#o###..#.........# #.#
.#.####..W........# #.#
......[...........# #.#
.#.####.#..)......# #.#
.#..............#.# #.#
.#..####........#.# #.#
.#..####...######.# #.#
##.............W@.# #.#
......###..###############.#
......'....#...............#
......###>.....#############
<.....# ####.#.# ......#
#.#.# ......# #.#.#
......#****#.#.#
'#'#......,#.#.#


You could see dscm's ghost.

Vanquished Creatures
  Grinder (D:3)
  A hound (D:4)
  4 orc priests
  A worker ant (D:4)
  6 adders
  4 worms
  A dart slug (D:3)
  7 leopard geckos
  4 orcs
  10 bats
  5 giant cockroaches
  5 goblins
  4 hobgoblins
  2 jackals (D:4)
  4 quokkas
  2 ball pythons (D:3)
  2 frilled lizards (D:2)
  7 kobolds
  3 rats
  2 fungi (D:1)
75 creatures vanquished.

Notes
Turn   | Place    | Note
-------+----------+-------------------------------------------
     0 | D:1      | ponk the Octopode Assassin began the quest for the Orb.
     0 | D:1      | Reached XP level 1. HP: 14/14 MP: 1/1
   204 | D:1      | Reached XP level 2. HP: 19/19 MP: 2/2
   205 | D:1      | Reached skill level 6 in Stealth
   683 | D:2      | Reached XP level 3. HP: 24/24 MP: 3/3
   737 | D:2      | Found a faded altar of an unknown god.
   964 | D:2      | Reached skill level 7 in Stealth
  1385 | D:2      | Reached XP level 4. HP: 21/29 MP: 4/4
  1847 | D:3      | Found a faded altar of an unknown god.
  1847 | D:3      | Found a faded altar of an unknown god.
  1854 | D:3      | Found a shimmering altar of Xom.
  1856 | D:3      | Found a faded altar of an unknown god.
  1858 | D:3      | Found a faded altar of an unknown god.
  1971 | D:3      | Noticed Grinder
  1972 | D:3      | Reached skill level 8 in Stealth
  1979 | D:3      | Killed Grinder
  1979 | D:3      | Reached skill level 10 in Stealth
  1979 | D:3      | Reached XP level 5. HP: 19/34 MP: 5/5
  1979 | D:3      | Reached XP level 6. HP: 22/39 MP: 6/6
  2304 | D:3      | Found a stormy altar of Qazlal.
  2866 | D:4      | Noticed dscm's ghost (amateur FeEE)
  3380 | D:4      | Reached skill level 11 in Stealth
  4140 | D:4      | Reached XP level 7. HP: 32/45 MP: 7/7
  4403 | D:4      | Killed from afar by dscm's ghost

Skill      XL: |  1  2  3  4  5  6 |
---------------+-------------------+-----
Stealth        | 6 7 10 11 | 11.5
Fighting       | |  2.0
Short Blades   | |  2.0
Throwing       | |  2.0
Dodging        | |  1.0

Action                   |  1- 3 |  4- 6 |  7- 9 || total
-------------------------+-------+-------+-------++-------
Melee: Dagger            |    75 |    86 |    13 ||   174
       Constrict         |    14 |    20 |     2 ||    36
       Tentacles         |    10 |    15 |     2 ||    27
Evoke: Wand              |       |       |     2 ||     2
  Use: Scroll            |     1 |    10 |       ||    11
       Potion            |       |       |     1 ||     1
 Stab: Sleeping          |    14 |    13 |       ||    27
  Eat: Chunk             |    12 |    17 |     1 ||    30
Armor: Skin              |     4 |     7 |       ||    11
Dodge: Dodged            |    33 |    42 |     2 ||    77
Block: Other             |     1 |       |       ||     1
